 Dungeon Crawl Stone Soup version 0.21.1-1-g345015f (webtiles) character file.

29 inc the Skirmisher (level 3, 18/18 HPs)
             Began as a Felid Transmuter on Mar 6, 2018.
             Quit the game on level 2 of the Dungeon.
             The game lasted 00:02:47 (1553 turns).

inc the Skirmisher (Felid Transmuter)               Turns: 1553, Time: 00:02:48

Health: 18/18      AC:  1    Str:  6    XL:     3   Next: 1%
Magic:  7/7        EV: 18    Int: 15    God:
Gold:   49         SH:  0    Dex: 16    Spells: 5/6 levels left
                                        Lives:  0   Deaths: 1

rFire    . . .     SeeInvis +     - Unarmed
rCold    . . .     Gourm    .   (shield unavailable)
rNeg     . . .     Faith    .   (armour unavailable)
rPois    .         Spirit   .   (helmet unavailable)
rElec    .         Reflect  .   (cloak unavailable)
rCorr    .         Harm     .   (gloves unavailable)
MR       .....                  (boots unavailable)
Stlth    ++........             (no amulet)
HPRegen  0.06/turn              (no ring)
MPRegen  0.10/turn              (no ring)

@: quick
A: very small, no armour, no weapons or thrown items, stealth, claws 1, fangs 3,
see invisible, carnivore, speed 1, shaggy fur 1, slow metabolism 1, sharp paws
a: no special abilities


You were on level 2 of the Dungeon.
You were not hungry.

You visited 1 branch of the dungeon, and saw 2 of its levels.

You collected 49 gold pieces.

Inventory:

Missiles
 a - 12 arrows
Scrolls
 d - a scroll of random uselessness {unknown}
 e - a scroll of enchant armour {unknown}
 f - a scroll of fog {unknown}
 g - 3 scrolls of identify {unknown}
 h - a scroll of teleportation {unknown}
 i - 2 scrolls of remove curse {unknown}
Books
 b - a book of Changes

   Spells                             Type                      Level
   a - Beastly Appendage              Transmutation                1
   b - Sticks to Snakes               Transmutation                2
   c - Spider Form                    Transmutation/Poison         3
   d - Ice Form                       Ice/Transmutation            4
   e - Blade Hands                    Transmutation                5
Comestibles
 c - 7 rations


   Skills:
 - Level 3.7 Fighting
 - Level 2.6 Dodging
 + Level 3.1 Unarmed Combat
 - Level 2.0 Spellcasting
 - Level 2.1 Transmutations


You had 5 spell levels left.
You knew the following spells:

 Your Spells              Type           Power        Failure   Level  Hunger
a - Beastly Appendage     Tmut           #.....       9%          1    #......


Dungeon Overview and Level Annotations

Branches:
Dungeon (2/15)

Altars:


Innate Abilities, Weirdness & Mutations

You cannot wear armour.
You are incapable of wielding weapons or throwing items.
Your paws allow you to move quietly. (Stealth)
You have sharp claws.
You have razor-sharp teeth.
You have supernaturally acute eyesight. (SInv)
You are carnivorous and can eat meat at any time.
You cover ground quickly.
You are covered in fur. (AC +1)
You have a slow metabolism.
Your sharp claws are effective at attacking unaware monsters.


Message History

You have reached level 4!
Extra life!
You feel sick. The kobold completely misses you.
You closely miss the kobold.
The kobold hits you with a whip of distortion.
* * * LOW HITPOINT WARNING * * *
Space warps horribly around you!
* * * LOW HITPOINT WARNING * * *
A bat comes into view.
It was a potion of degeneration.
There was something very wrong with that liquid.
You feel weakened.
You feel dopey.
You feel clumsy.
Your horns disappear.
You die...
You feel sick.
The kobold hits you with a whip of distortion.
You feel strangely unstable.
You are now level 3!
You rejoin the land of the living...
Are you sure you want to abandon this character and quit the game? (Confirm with "yes".)

########
##......##
#......@.#
..........#
..........#
..........#
..........#
..........#
#........##
.........#


There were no monsters in sight!

Vanquished Creatures
  2 adders (D:2)
  A dart slug (D:1)
  2 leopard geckos (D:1)
  2 giant cockroaches (D:1)
  12 goblins
  8 hobgoblins
  2 jackals (D:2)
  5 bats
  3 frilled lizards
  A kobold (D:1)
  5 rats
43 creatures vanquished.

Notes
Turn   | Place    | Note
-------+----------+-------------------------------------------
     0 | D:1      | inc the Felid Transmuter began the quest for the Orb.
     0 | D:1      | Reached XP level 1. HP: 9/9 MP: 4/4
   226 | D:1      | Reached XP level 2. HP: 13/13 MP: 6/6
   600 | D:2      | Reached XP level 3. HP: 14/17 MP: 7/7
  1550 | D:2      | Reached XP level 4. HP: 10/22 MP: 6/8
  1551 | D:2      | HP: 1/22 [kobold/whip of distortion (5)]
  1552 | D:2      | Succumbed to an adder's poison
  1553 | D:2      | Reached XP level 3. HP: 0/18 MP: 7/7
  1553 | D:2      | Quit the game

Skill      XL: |  1  2 |
---------------+-------+-----
Fighting       | 2 3 |  3.7
Dodging        | |  2.6
Unarmed Combat | |  3.1
Spellcasting   | |  2.0
Transmutations | |  2.1

Action                   |  1- 3 |  4- 6 || total
-------------------------+-------+-------++-------
Melee: Unarmed           |   125 |     1 ||   126
       Bite              |     7 |       ||     7
       Headbutt          |     8 |       ||     8
 Cast: Beastly Appendage |     9 |       ||     9
  Use: Potion            |     2 |     1 ||     3
 Stab: Sleeping          |     4 |       ||     4
       Distracted        |     1 |       ||     1
  Eat: Chunk             |     2 |       ||     2
Armor: Skin              |    17 |       ||    17
Dodge: Dodged            |   156 |     1 ||   157
